 Dungeon Crawl Stone Soup version 0.22.1-2-g9c5b331 (webtiles) character file.

49 Kaits the Chopper (level 3, -4/29 HPs)
             Began as a Demonspawn Chaos Knight on Dec 28, 2018.
             Slain by an iguana (12 damage)
             ... on level 2 of the Dungeon.
             The game lasted 00:08:50 (873 turns).

Kaits the Chopper (Demonspawn Chaos Knight)          Turns: 873, Time: 00:08:52

Health: -4/29      AC:  5    Str: 12    XL:     3   Next: 51%
Magic:  3/3        EV: 11    Int: 13    God:    Xom [..*...]
Gold:   147        SH:  4    Dex: 13    Spells: 2/2 levels left

rFire    . . .     SeeInvis .   a - +0 hand axe (chaos)
rCold    . . .     Gourm    .   (no shield)
rNeg     . . .     Faith    .   b - +2 leather armour
rPois    .         Spirit   .   (no helmet)
rElec    .         Reflect  .   (no cloak)
rCorr    .         Harm     .   (no gloves)
MR       .....                  (no boots)
Stlth    +.........             (no amulet)
HPRegen  0.09/turn              (no ring)
MPRegen  0.08/turn              (no ring)

@: no status effects
A: large bone plates 1
a: Renounce Religion


You were on level 2 of the Dungeon.
You worshipped Xom.
You were a toy of Xom.
You were not hungry.

You visited 1 branch of the dungeon, and saw 2 of its levels.

You collected 147 gold pieces.

Inventory:

Hand Weapons
 a - a +0 hand axe of chaos (weapon)
 g - a +1 dagger of holy wrath
Missiles
 f - 19 poisoned needles
 h - 3 stones (quivered)
Armour
 b - a +2 leather armour (worn)
Magical Staves
 d - an uncursed staff of poison
Jewellery
 k - a +6 ring of intelligence {unknown}
Scrolls
 e - a scroll of teleportation
Potions
 i - a potion of agility
Comestibles
 c - a ration


   Skills:
 + Level 3.3 Fighting
 + Level 3.5 Axes
 + Level 2.2 Armour
 + Level 1.2 Dodging


You had 2 spell levels left.
You didn't know any spells.
Your spell library was empty.

Dungeon Overview and Level Annotations

Branches:
Dungeon (2/15)

Altars:


Innate Abilities, Weirdness & Mutations

You are partially covered in large bone plates. (SH +4)


Message History

You kill the kobold!
You completely miss the worm. The worm closely misses you.
You hit the worm.
The worm evaporates and reforms as an iguana!
You hit the iguana. You burn the iguana.
The iguana is heavily wounded.
You block the iguana's attack. The iguana bites you.
You hit the iguana.
The iguana is severely wounded.
The iguana bites you!
You closely miss the iguana.
The iguana is severely wounded.
You block the iguana's attack.
You hit the iguana.
The iguana flickers and vanishes!
Deactivating autopickup; reactivate with Ctrl-A.
You block something's attack.
You miss something. Something bites you!
* * * LOW HITPOINT WARNING * * *
You closely miss something. Something bites you!
You die...

*,*********,,,,,* *,,,*,* #..
*,*,,,,,,,,,#**,***,**#.* ##'
,,*,*,,,,,,,,.*,,,,,*...* #.
,,*,*,*******.##*,**#.#,* #.
*,*,,,,* #*,..*,*...#,* #.
*,*,*,,**###.+#.###...#.*******#.
*,*,*,,,,...............,,,,,,,..
*,,,*,,,,......{†.....#,,,,,,**#.
,,,,*,,,,......)@#*****,,***,* **
*,,,,,,,,...<.......?..<,,,,,*
*,*,**,,,.........#####.*,*******
*,*,***,,.....$...# *,*,,,*,,,,
*,*,* *,,.........# *,,,,,*,***
*,*,* ***#.######.#**********,*
*,*,*****#,* *..,,,,,,,,,,,*
*,*,,,,,,,,******##**************
*,**********,,,,,,,,,,,,,,,,,,,,,


There were no monsters in sight!

Vanquished Creatures
  An adder (D:2)
  A river rat (shapeshifter) (D:1)
  3 goblins (D:1)
  2 hobgoblins (D:1)
  7 jackals (D:1)
  2 kobolds
  A ball python (D:1)
  7 bats
  2 frilled lizards (D:1)
  5 rats (D:1)
31 creatures vanquished.

Notes
Turn   | Place    | Note
-------+----------+-------------------------------------------
     0 | D:1      | Kaits the Demonspawn Chaos Knight began the quest for the
                  | Orb.
     0 | D:1      | Reached XP level 1. HP: 18/18 MP: 1/1
    12 | D:1      | XOM: divination: detect creatures
    75 | D:1      | XOM: silly message
   145 | D:1      | XOM: butterfly on damage
   147 | D:1      | Reached skill level 1 in Dodging
   147 | D:1      | Gained mutation: You are partially covered in large bone
                  | plates. (SH +4) [demonic ancestry]
   147 | D:1      | Reached XP level 2. HP: 9/24 MP: 2/2
   186 | D:1      | XOM: silly message
   264 | D:1      | XOM: noise
   276 | D:1      | Reached XP level 3. HP: 19/29 MP: 3/3
   283 | D:1      | XOM: god gift: short jewelled staff {god gift}
   313 | D:1      | XOM: mild Tloc miscast
   349 | D:1      | XOM: cloud trail
   780 | D:1      | XOM: god gift: 50 gold pieces
   873 | D:2      | Slain by an iguana

Skill      XL: |  1  2 |
---------------+-------+-----
Axes           | 3 |  3.5
Dodging        | 1 |  1.2
Armour         | 2 |  2.2
Fighting       | |  3.3

Action                   || total
-------------------------++-------
Melee: Hand axe          ||    78
       Staff             ||    19
  Use: Potion            ||     2
       Scroll            ||     3
Armor: Leather armour    ||    37
Dodge: Dodged            ||    55
Block: Other             ||    19
